 Dungeon Crawl Stone Soup version 0.28.0-53-g5a82cb258f (webtiles) character file.

Game seed: 10423217478124720576

37 mortz the Conjurer (level 3, -2/26 HPs)
             Began as a Demigod Conjurer on July 19, 2022.
             Slain by Terence
             ... wielding a +0 falchion
              (7 damage)
             ... on level 2 of the Dungeon.
             The game lasted 00:08:15 (1220 turns).

mortz the Conjurer (Demigod Conjurer)               Turns: 1220, Time: 00:08:16

Health: -2/26      AC:  3    Str:  8    XL:     3   Next: 7%
Magic:  3/8        EV: 12    Int: 24    God:
Gold:   50         SH:  0    Dex: 12    Spells: 5/6 levels left

rFire   . . .      SeeInvis .   d - +0 dagger (venom) {short}
rCold   . . .      Faith    .   (no shield)
rNeg    . . .      Spirit   .   a - +0 robe
rPois   .          Reflect  .   (no helmet)
rElec   .          Harm     .   i - +0 cloak
rCorr   .          Rampage  .   (no gloves)
Will    .....                   (no boots)
Stlth   ++........              (no amulet)
HPRegen 0.08/turn               (no ring)
MPRegen 0.11/turn               (no ring)

@: no status effects
A: high MP 1, forlorn, divine attributes
a: no special abilities


You were on level 2 of the Dungeon.
You visited 1 branch of the dungeon, and saw 2 of its levels.

You collected 50 gold pieces.


Innate Abilities, Weirdness & Mutations

You have an increased reservoir of magic. (+10% MP)
You shall have no god before yourself.
Your divine heritage dramatically boosts your attributes as you level up.


   Skills:
 + Level 2.0 Dodging
 + Level 1.9 Stealth
 + Level 2.1 Spellcasting
 + Level 4.3 Conjurations


You had 5 spell levels left.
You knew the following spells:

 Your Spells              Type           Power      Damage    Failure   Level
a - Magic Dart            Conj           92%        1d7       1%          1

Your spell library contained the following spells:

 Spells                   Type           Power      Damage    Failure   Level
 Searing Ray              Conj           46%        2d6       3%          2
 Dazzling Flash           Conj/Hex       24%        N/A       14%         3
 Fulminant Prism          Conj/Hex       6%         3d7       43%         4
 Iskenderun's Mystic Bla  Conj/Tloc      12%        2d5       43%         4

Inventory:

Hand Weapons
 c - a +0 dagger {short}
   (You took it off a goblin on level 1 of the Dungeon)
 d - a +0 dagger of venom (weapon) {short}
   (You took it off a kobold on level 1 of the Dungeon)
Armour
 a - a +0 robe (worn)
 i - a +0 cloak (worn)
   (You found it on level 1 of the Dungeon)
Magical Staves
 e - a staff of air {!astaff}
   (You found it on level 1 of the Dungeon)
Scrolls
 b - 2 scrolls of identify {@r1}
 f - 2 scrolls of fear
 g - a scroll of fog {unknown}
 h - 2 scrolls of teleportation {unknown}
 j - a scroll of immolation {unknown}

Dungeon Overview and Level Annotations

Branches:
Dungeon (2/15)

Shops:
D:1 [

Annotations:
D:2 Terence

####... #. ....... #.
......# #....# #.. .......
######....# #.###+#.......
..........# #.#...........
..........####.#...........
................@..<.......
.......#.#.###..@.........#
.......#.#.###..##.........
..........(......#....###..
######.#.#.###...#....# .
#.#.#.# #...#.####
######.#.#.# #...#.#
.........#.###...#.#
##...............#..


You could see Terence (very poisoned).


Message History

You lost 1 mp, and now have 5/7 mp.
You climb upwards.
There is a stone staircase leading down here.
There is a stone staircase leading down here.
You climb downwards.
There is a stone staircase leading up here. 😎 MP[+1]
You climb upwards.
There is a stone staircase leading down here.
An endoplasm comes into view.
The endoplasm quivers. 😎 MP[+1]
Your mp is fully restored (7).
The magic dart hits the endoplasm.
You kill the endoplasm! 😎 MP[-1]
You lost 1 mp, and now have 6/7 mp.
(D) Dungeon
Where to? (Enter - D:1 @ (x,y), ? - help)
Things that are here:
a +0 club {mace}; a goblin skeleton
There is a stone staircase leading down here.
You climb downwards.
There is a stone staircase leading up here. 😎 MP[+1]
Your mp is fully restored (7).
The magic dart hits the giant cockroach. 😎 MP[-1]
You lost 1 mp, and now have 6/7 mp.
The magic dart hits the giant cockroach.
You kill the giant cockroach!
You have reached level 3!
Your experience leads to a dramatic increase in your attributes!
Increase (S)trength, (I)ntelligence, or (D)exterity?
You feel clever. x4 😎 HP[+6] MP[-1]
You now have 26 max hp (+6).
Your hp is fully restored (26).
j - a scroll labelled VIRYTSARYO You see here 20 stones {throwing}.
A hobgoblin comes into view. 😎 MP[+3]
Your mp is fully restored (8).
The magic dart hits the hobgoblin.
You kill the hobgoblin! 😎 MP[-1]
You lost 1 mp, and now have 7/8 mp.
An endoplasm comes into view. 😎 MP[+1]
Your mp is fully restored (8).
The magic dart hits the endoplasm.
The endoplasm quivers. 😎 MP[-1]
You lost 1 mp, and now have 7/8 mp.
The magic dart hits the endoplasm.
You kill the endoplasm! 😎 MP[-1]
You lost 1 mp, and now have 6/8 mp.
Terence the Incautious comes into view.
He is wielding a +0 falchion. 😎 MP[+2]
Your mp is fully restored (8).
The magic dart hits Terence. 😎 MP[-1]
You lost 1 mp, and now have 7/8 mp.
The magic dart hits Terence but does no damage. 😎 MP[-1]
You lost 1 mp, and now have 6/8 mp.
The magic dart hits Terence but does no damage. 😎 MP[-1]
You lost 1 mp, and now have 5/8 mp.
The magic dart hits Terence. 😎 MP[-1]
You lost 1 mp, and now have 4/8 mp.
The magic dart hits Terence but does no damage. 😎 MP[-1]
You lost 1 mp, and now have 3/8 mp.
The magic dart hits Terence but does no damage. 😎 MP[-1]
You lost 1 mp, and now have 2/8 mp.
The magic dart hits Terence but does no damage.
Terence hits you with a +0 falchion! 😮 HP[-8] MP[-1]
You take 8 damage, and now have 18/26 hp.
MASSIVE DAMAGE!! (PAUSE)
You lost 1 mp, and now have 1/8 mp.
You hit Terence but do no damage.
Terence is poisoned.
Terence hits you with a +0 falchion!
* * * LOW HITPOINT WARNING * * *
😨 HP[-8]
You take 8 damage, and now have 10/26 hp.
MASSIVE DAMAGE!! (PAUSE)
You closely miss Terence. Terence hits you with a +0 falchion.
* * * LOW HITPOINT WARNING * * *
😱 HP[-6] MP[+1]
You take 6 damage, and now have 4/26 hp.
MASSIVE DAMAGE!! (PAUSE) 😱 HP[+1] 😱 MP[+1]
You hit Terence but do no damage.
Terence looks even sicker.
You punch Terence, but do no damage. Terence hits you with a +0 falchion!
You die...

Skill      XL: |  1  2 |
---------------+-------+-----
Spellcasting   | 2 |  2.1
Conjurations   | 4 |  4.3
Dodging        | 2 |  2.0
Stealth        | |  1.9

Action                   || total
-------------------------++-------
Melee: Dagger            ||    13
       Punch             ||     1
 Cast: Magic Dart        ||    65
  Use: Scroll            ||     1
Armor: Robe              ||     6
Dodge: Dodged            ||    15

Levels and vault maps discovered:
D:1:      lightli_arrival_statue_moat, layout_rooms, serial_shops, shop,
          ebering_ecumenical_altar_petrified, st_stairs_2
D:2:      layout_basic, basic_altar, minmay_misc_feat_five, uniq_terence,
          uniq_jessica, uniq_sigmund

Notes
Turn   | Place    | Note
-------+----------+-------------------------------------------
     0 | D:1      | mortz the Demigod Conjurer began the quest for the Orb.
     0 | D:1      | Reached XP level 1. HP: 14/14 MP: 5/5
     0 | D:1      | magus.rc [v1.9.6]
   224 | D:1      | Reached skill level 2 in Spellcasting
   224 | D:1      | Reached XP level 2. HP: 20/20 MP: 2/7
   241 | D:1      | Reached skill level 4 in Conjurations
   776 | D:1      | Reached skill level 2 in Dodging
   973 | D:1      | Found Xoatwug's Armour Shop.
  1123 | D:2      | Reached XP level 3. HP: 26/26 MP: 5/8
  1200 | D:2      | Noticed Terence
  1209 | D:2      | HP: 4/26 [Terence/+0 falchion (6)]
  1220 | D:2      | Slain by Terence

Vanquished Creatures
  A dart slug (D:1)
  2 bats (D:1)
  3 endoplasms
  2 giant cockroaches
  3 goblins (D:1)
  5 hobgoblins
  3 jackals (D:1)
  3 kobolds (D:1)
  A quokka (D:1)
  4 ball pythons (D:1)
  2 rats (D:1)
29 creatures vanquished.

Table legend:
 A = Non-vault XP
 B = Vault XP
 C = Vault XP percentage of total XP
 D = Non-vault monster count
 E = Vault monster count
 F = Vault count percentage of total count
                 A         B        C        D         E       F
            +---------+---------+-------+---------+---------+-------
      Total |      50 |       3 |   5.7 |      27 |       2 |   6.9
            +---------+---------+-------+---------+---------+-------
        D:1 |      42 |       3 |   6.7 |      23 |       2 |   8.0
        D:2 |       8 |       0 |   0.0 |       4 |       0 |   0.0
            +---------+---------+-------+---------+---------+-------

Illustrated notes

Table legend:
 A = Kills in this place as a percentage of kills in entire the game.
 B = Kills by you in this place as a percentage of kills by you in the entire game.
 C = Kills by friends in this place as a percentage of kills by friends in the entire game.
 D = Other kills in this place as a percentage of other kills in the entire game.
 E = Experience gained in this place as a percentage of experience gained in the entire game.
 F = Experience gained in this place divided by the number of levels of this place that you have seen.
                   A       B       C       D       E      F
               +-------+-------+-------+-------+-------+----------------------
         Total | 100.0 | 100.0 |   N/A |   N/A | 100.0 |  26.5
       Dungeon | 100.0 | 100.0 |   N/A |   N/A | 100.0 |  26.5
               +-------+-------+-------+-------+-------+----------------------

Table legend: (Time is in decaauts)
 A = Elapsed time spent in this place.
 B = Non-inter-level travel time spent in this place.
 C = Inter-level travel time spent in this place.
 D = Time resting spent in this place.
 E = Time spent auto-exploring this place.
 F = Levels seen in this place.
 G = Mean time per level.
                   A        B        C        D        E       F      G
               +--------+--------+--------+--------+--------+-----+--------+
         Total |   1221 |   1151 |     70 |     21 |    940 |   2 |  610.5 |
       Dungeon |   1221 |   1151 |     70 |     21 |    940 |   2 |  610.5 |
               +--------+--------+--------+--------+--------+-----+--------+

Top non-repeatable levels by time:
     D:1: 1114 daAuts
     D:2: 106 daAuts
